 Dungeon Crawl Stone Soup version 0.24.1-14-gf8d2b509d9 (webtiles) character file.

Game seed: 1643576415520457031, levelgen mode: deterministic

38601 Edgeworth the Severer (level 13, 0/190 HPs)
             Began as a Deep Dwarf Berserker on May 31, 2020.
             Was the Champion of Trog.
             Killed by divine providence
             ... invoked by Saint Roka
              (9 damage)
             ... on level 2 of the Orcish Mines.
             The game lasted 00:49:29 (13985 turns).

Edgeworth the Severer (Deep Dwarf Berserker)       Turns: 13985, Time: 00:49:29

Health: 0/190      AC: 22    Str: 31    XL:     13   Next: 64%
Magic:  9/9        EV: 17    Int:  8    God:    Trog [******]
Gold:   1977       SH:  0    Dex: 12    Spells: 12/12 levels left

rFire    + . .     SeeInvis .   C - +6 war axe (elec)
rCold    . . .     Gourm    .   (no shield)
rNeg     + . .     Faith    .   r - +3 chain mail {rN+}
rPois    .         Spirit   .   E - +2 helmet
rElec    .         Reflect  .   j - +0 cloak
rCorr    .         Harm     .   A - +0 pair of gloves
MR       +....                  G - +0 pair of boots {run}
Stlth    ..........             (no amulet)
HPRegen  0.00/turn              q - +3 ring of evasion
MPRegen  0.11/turn              F - ring of protection from fire

@: berserking (expiring), non-regenerating, very quick
A: damage resistance, heal wounds, sense surroundings 2, no regeneration
a: Heal Wounds, Berserk, Trog's Hand, Brothers in Arms, Renounce Religion


You were on level 2 of the Orcish Mines.
You worshipped Trog.
Trog was exalted by your worship.
You were not hungry.

You visited 3 branches of the dungeon, and saw 17 of its levels.
You also visited: Bailey.

You collected 1977 gold pieces.

Inventory:

Hand Weapons
 a - a +3 antimagic dagger
 u - the +5 whip of Defilement {antimagic, Stlth+}
   (You found it on level 3 of the Lair of Beasts)

   It reduces the magical energy of the wielder, and disrupts the spells and
   magical abilities of those hit.
   Natural abilities and divine invocations are not affected.
   It makes you more stealthy.
 v - a +0 battleaxe of electrocution
 x - a +2 battleaxe of chopping
 C - a +6 war axe of electrocution (weapon)
Armour
 j - a +0 cloak (worn)
 r - a +3 chain mail of positive energy (worn)
 A - a +0 pair of gloves (worn)
 E - a +2 helmet (worn)
 G - a +0 pair of boots of running (worn)
 H - +1 steam dragon scales
 R - a +0 buckler
Jewellery
 k - an uncursed ring of flight
 q - a +3 ring of evasion (left hand)
 F - a ring of protection from fire (right hand)
Wands
 l - a wand of flame (7)
 L - a wand of paralysis (8)
 M - a wand of iceblast (5)
Scrolls
 d - 11 scrolls of remove curse
 f - a scroll of blinking
 g - 9 scrolls of enchant armour
 h - 4 scrolls of magic mapping
 n - a scroll of fog
 p - a scroll of identify
 w - a scroll of teleportation
 N - a scroll of enchant weapon
Potions
 b - a potion of magic
 e - 4 potions of haste
 i - 4 potions of brilliance
 m - 6 potions of lignification
 o - 6 potions of curing
 s - 3 potions of heal wounds
 t - a potion of agility
 z - a potion of resistance
 K - a potion of flight
Miscellaneous
 O - a phantom mirror
Comestibles
 c - 33 rations


   Skills:
 + Level 11.3 Fighting
 + Level 16.9 Axes
 + Level 9.4 Armour
 + Level 9.5 Dodging
 + Level 3.0 Shields
 + Level 4.9 Evocations


You had 12 spell levels left.
You didn't know any spells.
Your spell library was empty.

Dungeon Overview and Level Annotations

Branches:
Dungeon (11/15)            Temple (0/1) D:5            Lair (4/6) D:9
 Shoals (0/4) Lair:2       Spider (0/4) Lair:3          Orc (2/2) D:10
 Bailey (visited)
    Elf: Orc:2

Altars:
Cheibriados
Elyvilon
Hepliaklqana
Kikubaaqudgha
Makhleb
Nemelex Xobeh
Okawaru
Qazlal
Sif Muna
Trog
Uskayaw
Vehumet
Zin
The Shining One
Beogh

Shops:
Orc:1 :   Orc:2 (

Annotations:
Orc:2 Saint Roka


Innate Abilities, Weirdness & Mutations

You are resistant to damage.
You can heal yourself by infusing magical energy.
You passively map the area around you.
You do not regenerate.


Message History

a +2 halberd of freezing; a +0 arbalest; 25 bolts; a +0 plate armour You barely miss Saint Roka.
You hit Saint Roka.
Saint Roka is lightly wounded.
Saint Roka barely misses you.
You hit Saint Roka. Lightning courses through Saint Roka!
Saint Roka is lightly wounded.
You slash Saint Roka!
Saint Roka is lightly wounded.
Saint Roka hits you with a +2 vampiric long sword!!
* * * LOW HITPOINT WARNING * * *
You closely miss Saint Roka.
Saint Roka is lightly wounded.
You slice Saint Roka!! Lightning courses through Saint Roka!
Saint Roka is moderately wounded.
You slice Saint Roka!!
Saint Roka is heavily wounded.
Saint Roka invokes the aid of Beogh against you.
Beogh smites you!
You die...

##.. ,.......
...,...#....,,
*..,#.....$ ##.##....#*
#........#, , #......# ,
#..o..# , ..
##########o#.#####'##
###)[.@ooohoo.o#).8...8
##...##########)oo..o...
##..### *##oo......
#..## , * #.....h..
#..#∩ , ,, ##..o....
#.## 8 ** #....... #.# ,
, , '.8..... #.# , , ,
'....... #.# ,,,'.8.....


You could see Saint Roka, a warg, an orc priest and 4 orcs.

Vanquished Creatures
  Josephine (D:10)
  Snorg (Orc:1)
  2 hydras
  Erica (D:8)
  2 two-headed ogres
  An unseen horror (D:10)
  5 orc knights
  6 orc sorcerers
  3 oklob plants (Lair:3)
  An ugly thing (D:11)
  3 merfolk sirens (Lair:2)
  3 torpor snails (Lair:1)
  2 black mambas
  A gargoyle (D:8)
  Psyche (D:8)
  4 spiny frogs
  6 komodo dragons
  A rime drake (Lair:3)
  2 trolls (Orc:2)
  A polar bear (Lair:2)
  2 merfolk
  A hornet (D:7)
  5 hippogriffs
  Prince Ribbit (D:8)
  7 dream sheep
  7 wraiths (D:10)
  A shadow (D:11)
  A tarantella (Lair:3)
  2 wyverns (D:9)
  2 vampires (D:10)
  2 hogs (D:9)
  15 yaks
  A hungry ghost (D:10)
  8 wargs
  3 water moccasins
  3 porcupines
  10 black bears
  A sky beast (D:11)
  A hornet zombie (D:9)
  34 orc warriors
  4 ice beasts
  5 ogres
  5 centaurs
  2 phantoms
  4 crocodiles
  16 bullfrogs
  6 big kobolds
  3 gnoll sergeants (D:9)
  9 killer bees
  A scorpion (D:9)
  6 electric eels
  A vampire bat (D:7)
  A howler monkey (D:6)
  5 crimson imps
  16 orc priests
  A centaur skeleton (D:6)
  2 gnoll shamans (D:9)
  8 hounds
  6 jellies
  2 bullfrog skeletons
  15 orc wizards
  Natasha (thrice) (D:2)
  Terence (D:2)
  2 iguanas
  2 hell rats (Lair:4)
  10 worker ants
  A killer bee zombie (D:8)
  8 ogre zombies (D:10)
  A hound zombie (D:6)
  A hound skeleton (D:6)
  12 adders
  3 gnolls (D:2)
  A howler monkey skeleton (D:4)
  7 river rats (Lair:4)
  3 shadow imps
  2 oozes
  An adder skeleton (D:4)
  3 worms
  8 dart slugs
  6 leopard geckos
  105 orcs
  3 ball pythons
  8 bats
  3 bat skeletons (D:7)
  2 bat zombies (D:7)
  4 giant cockroaches
  10 goblins
  6 hobgoblins
  5 jackals
  17 kobolds
  3 quokkas
  9 frilled lizards
  3 goblin zombies (D:10)
  2 hobgoblin zombies (D:10)
  5 orc skeletons (D:10)
  15 orc zombies (D:10)
  A quokka skeleton (D:6)
  A quokka zombie (D:5)
  5 rats
  12 plants
566 creatures vanquished.

Vanquished Creatures (collateral kills)
  A hydra (Lair:3)
1 creature vanquished.

Vanquished Creatures (others)
  An orc wizard (D:8)
  5 fungi
  2 plants (Lair:4)
8 creatures vanquished.

Grand Total: 575 creatures vanquished

Notes
Turn   | Place    | Note
-------+----------+-------------------------------------------
     0 | D:1      | Edgeworth the Deep Dwarf Berserker began the quest for the
                  | Orb.
     0 | D:1      | Reached XP level 1. HP: 20/20 MP: 1/1
    38 | D:1      | Reached XP level 2. HP: 27/27 MP: 2/2
   399 | D:1      | You fall into a shaft and drop 1 floor!
   439 | D:2      | Reached XP level 3. HP: 20/34 MP: 3/3
   551 | D:2      | Reached ** piety under Trog
   648 | D:1      | Reached skill level 4 in Axes
  1128 | D:2      | Reached XP level 4. HP: 27/42 MP: 4/4
  1323 | D:2      | Noticed Terence
  1363 | D:2      | Killed Terence
  1534 | D:2      | Reached XP level 5. HP: 30/49 MP: 5/5
  1656 | D:2      | Noticed Natasha
  1661 | D:2      | Killed Natasha
  1661 | D:2      | Reached skill level 5 in Axes
  1846 | D:2      | Noticed Natasha
  1865 | D:2      | Killed Natasha
  1890 | D:2      | Noticed Natasha
  1901 | D:2      | Killed Natasha
  2549 | D:3      | Reached XP level 6. HP: 36/57 MP: 6/6
  2871 | D:3      | Found a sparkling altar of Nemelex Xobeh.
  2871 | D:3      | Found a transporter.
  2882 | D:3      | Reached skill level 6 in Axes
  3008 | D:4      | Found a white marble altar of Elyvilon.
  3208 | D:4      | Reached *** piety under Trog
  3588 | D:4      | Found a burning altar of Makhleb.
  3589 | D:4      | Found a radiant altar of Vehumet.
  3719 | D:5      | Entered Level 5 of the Dungeon
  3774 | D:5      | Found a snail-covered altar of Cheibriados.
  3797 | D:5      | Reached XP level 7. HP: 46/64 MP: 7/7
  3957 | D:5      | Noticed a two-headed ogre
  3970 | D:5      | Killed a two-headed ogre
  3970 | D:5      | Reached skill level 8 in Axes
  3970 | D:5      | Reached skill level 5 in Armour
  3970 | D:5      | Reached XP level 8. HP: 68/73 MP: 8/8
  4007 | D:5      | Found a staircase to the Ecumenical Temple.
  4033 | D:5      | Reached skill level 5 in Fighting
  4093 | D:5      | Found a glowing golden altar of the Shining One.
  4361 | D:6      | Reached skill level 9 in Axes
  4536 | D:6      | Reached skill level 10 in Axes
  4603 | D:6      | Gained mutation: You passively map the area around you.
                  | [Deep Dwarf growth]
  4603 | D:6      | Reached XP level 9. HP: 62/82 MP: 9/9
  4808 | D:6      | Found a hide-covered altar of Uskayaw.
  4955 | D:6      | Found a stormy altar of Qazlal.
  5172 | D:7      | Found a snail-covered altar of Cheibriados.
  5240 | D:7      | Reached **** piety under Trog
  5330 | D:7      | Reached skill level 11 in Axes
  5554 | D:7      | Found a glowing silver altar of Zin.
  5732 | D:7      | Found a bloodstained altar of Trog.
  5852 | D:7      | Found an ancient bone altar of Kikubaaqudgha.
  6084 | D:8      | Found a flagged portal.
  6107 | Bailey   | Entered a bailey
  6205 | Bailey   | Noticed an orc knight
  6217 | Bailey   | Noticed an orc knight
  6321 | Bailey   | Killed an orc knight
  6321 | Bailey   | Reached skill level 1 in Evocations
  6407 | Bailey   | Noticed an orc knight
  6416 | Bailey   | Killed an orc knight
  6416 | Bailey   | Reached skill level 12 in Axes
  6416 | Bailey   | Reached XP level 10. HP: 55/92 MP: 9/11
  6488 | Bailey   | Identified a +0 pair of boots of running (You found it in a
                  | bailey)
  6536 | D:8      | Found a hazy altar of Hepliaklqana.
  6551 | D:8      | Noticed Prince Ribbit
  6566 | D:8      | Killed Prince Ribbit
  6596 | D:8      | Noticed Erica
  6606 | D:8      | Killed Erica
  6678 | D:8      | Noticed Psyche
  6683 | D:8      | Killed Psyche
  6759 | D:8      | Found an iron altar of Okawaru.
  6809 | D:8      | Noticed a gargoyle
  6817 | D:8      | Killed a gargoyle
  6834 | D:8      | Reached skill level 13 in Axes
  7129 | D:8      | Noticed a two-headed hydra
  7163 | D:8      | Killed an 11-headed hydra
  7163 | D:8      | Reached skill level 5 in Dodging
  7163 | D:8      | Reached XP level 11. HP: 37/100 MP: 13/13
  7499 | D:9      | Noticed a two-headed ogre
  7514 | D:9      | Killed a two-headed ogre
  7514 | D:9      | Reached skill level 14 in Axes
  7887 | D:9      | Found a staircase to the Lair.
  8406 | D:9      | Found a shimmering blue altar of Sif Muna.
  8658 | D:9      | Reached ***** piety under Trog
  9032 | D:10     | Entered Level 10 of the Dungeon
  9057 | Lair:1   | Entered Level 1 of the Lair of Beasts
  9177 | Lair:1   | Found a snail-covered altar of Cheibriados.
  9190 | Lair:1   | Reached skill level 15 in Axes
  9770 | Lair:2   | Reached XP level 12. HP: 55/112 MP: 10/10
  9928 | Lair:2   | Found a staircase to the Shoals.
 10015 | Lair:2   | Noticed a four-headed hydra
 10037 | Lair:2   | Killed a four-headed hydra
 10641 | Lair:3   | Reached skill level 16 in Axes
 10702 | Lair:3   | Found a hole to the Spider Nest.
 10706 | Lair:3   | Reached skill level 10 in Fighting
 10975 | Lair:3   | Noticed a five-headed hydra
 10991 | Lair:3   | Killed a five-headed hydra
 11091 | Lair:3   | Got a jewelled whip
 11092 | Lair:3   | Identified the +5 whip of Defilement {antimagic, Stlth+}
                  | (You found it on level 3 of the Lair of Beasts)
 11504 | Lair:4   | Reached skill level 1 in Shields
 11626 | Lair:4   | Noticed a seven-headed hydra
 11784 | D:10     | Noticed Josephine
 11793 | D:10     | Killed Josephine
 11793 | D:10     | Reached XP level 13. HP: 99/124 MP: 11/11
 11923 | D:10     | Received a gift from Trog
 11990 | D:10     | Found a staircase to the Orcish Mines.
 12952 | Orc:1    | Entered Level 1 of the Orcish Mines
 13089 | Orc:1    | Received a gift from Trog
 13156 | Orc:1    | Noticed Snorg
 13165 | Orc:1    | Killed Snorg
 13290 | Orc:1    | Found Rabaom's Book Shop.
 13459 | Orc:2    | Entered Level 2 of the Orcish Mines
 13582 | Orc:2    | Found a roughly hewn altar of Beogh.
 13590 | Orc:2    | Found Uleum's Weapon Shop.
 13728 | Orc:2    | Received a gift from Trog
 13943 | Orc:2    | Noticed Saint Roka
 13977 | Orc:2    | Reached ****** piety under Trog
 13982 | Orc:2    | HP: 9/190 [Saint Roka/+2 vampiric long sword (30)]
 13985 | Orc:2    | Killed from afar by Saint Roka

Levels and vault maps discovered:
D:1:      minmay_arrival_doors, layout_basic, minmay_pentomino_x4
D:2:      layout_basic, uniq_terence, uniq_natasha
D:3:      layout_loops_corners, grunt_nemelex_the_gamble
D:4:      layout_loops_ring, grunt_temple_overflow_lords_of_destruction,
          lemuel_crystal_altar, minmay_misc_feat_plants,
          corexii_leaking_fountain
D:5:      layout_rooms, old_standard_altar, minmay_temple_entry_stoned_glass,
          first_ration, basic_altar
D:6:      layout_loops_ring, nicolae_overflow_hidden_temple,
          nicolae_qazlal_eye_of_the_storm
D:7:      layout_layer_cave, marbit_many_paths, kennysheep_vampire_church,
          kennysheep_mini, kennysheep_little_box, grunt_ministairs_3
D:8:      layout_basic, kennysheep_mini_moat, old_standard_altar,
          enter_bailey_3, hangedman_ranch [blue_anna_fruit_fields],
          kennysheep_boxes, uniq_psyche, uniq_erica, uniq_prince_ribbit1
D:9:      kennysheep_town
D:10:     layout_stronghold, zombieorc2_lemuel, moated_statue,
          minmay_chambers_of_fives, uniq_josephine
D:11:     layout_stronghold, enter_trove_5, kennysheep_generic_room_10
Lair:1:   layout_loops_ring, kennysheep_snail_temple
Lair:2:   layout_misc_corridors, elwin_shoals_entry_stream
Lair:3:   layout_regular_city, spider_nest_entry_rubble,
          cheibrodos_lair_caveside_slide, chequers_serial_rivers_room_b,
          st_stairs_11, lemuel_fruit_tree, minmay_lair_oklob_chamber,
          serial_bayou_shore_a
Lair:4:   layout_misc_corridors, chequers_serial_rivers_micro_a,
          kennysheep_rathole
Orc:1:    layout_diamond_mine, serial_shops, nicolae_shop_waterfront, uniq_snorg
Orc:2:    grunt_orc_community_town_hall, layout_diamond_mine,
          grunt_orc_community_big_house_2, grunt_orc_community_big_house_2,
          grunt_orc_community_house_3, grunt_orc_community_house_2,
          grunt_orc_community_house_1, grunt_orc_community_house_3,
          minmay_orc_temple_a

Skill      XL: |  1  2  3  4  5  6  7  8  9 10 11 12 13 |
---------------+----------------------------------------+-----
Fighting       | 3 4 5 6 7 8 10 11 | 11.3
Axes           | 4 5 6 8 10 12 13 15 16 | 16.9
Dodging        | 3 5 7 9 |  9.5
Armour         | 3 5 7 8 9 |  9.4
Evocations     | 1 3 4 |  4.9
Shields        | 1 3 |  3.0

Action                   |  1- 3 |  4- 6 |  7- 9 | 10-12 | 13-15 || total
-------------------------+-------+-------+-------+-------+-------++-------
Melee: Hand axe          |   128 |   335 |       |       |       ||   463
       War axe           |       |       |   224 |   503 |   340 ||  1067
Invok: Berserk           |     1 |     2 |     5 |     7 |     3 ||    18
       Trog's Hand       |     1 |     8 |    10 |    15 |     2 ||    36
       Brothers in Arms  |       |       |       |     1 |       ||     1
 Abil: Evoke Flight      |       |       |     1 |     1 |       ||     2
       Heal Wounds       |       |       |       |    23 |    14 ||    37
Evoke: Wand              |       |       |     5 |    16 |       ||    21
  Use: Scroll            |       |       |    11 |    11 |     3 ||    25
       Potion            |       |       |       |     2 |       ||     2
 Stab: Sleeping          |     2 |       |       |     1 |       ||     3
  Eat: Chunk             |     2 |    14 |    13 |    22 |     3 ||    54
       Ration            |       |       |     1 |     2 |     3 ||     6
Armor: Animal skin       |    22 |       |       |       |       ||    22
       Chain mail        |    25 |    69 |       |    16 |   112 ||   222
       Plate armour      |       |   122 |   158 |     2 |       ||   282
       Steam dragon scal |       |       |       |   167 |       ||   167
Dodge: Dodged            |    57 |   136 |    97 |   312 |   155 ||   757
Block: Buckler           |       |       |       |    15 |    44 ||    59
